 Dungeon Crawl Stone Soup version 0.25.0-45-g978344163c (webtiles) character file.

Game seed: 12978776622480070456

1257 Kold the Blocker (level 8, -1/58 HPs)
             Began as a Formicid Fighter on July 11, 2020.
             Shot with an arrow by a centaur (10 damage)
             ... on level 6 of the Dungeon.
             The game lasted 00:11:20 (6298 turns).

Kold the Blocker (Formicid Fighter)                 Turns: 6298, Time: 00:11:21

Health: -1/58      AC: 11    Str: 31    XL:     8   Next: 81%
Magic:  8/8        EV: 10    Int:  3    God:
Gold:   113        SH: 12    Dex: 10    Spells: 7/7 levels left

rFire    . . .     SeeInvis +   h - +10 war axe of Trauma {vorpal, rPois Str+8 Int-5}
rCold    . . .     Gourm    .   c - +0 kite shield
rNeg     . . .     Faith    .   o - +1 ring mail {rPois}
rPois    +         Spirit   .   (helmet unavailable)
rElec    .         Reflect  .   (no cloak)
rCorr    .         Harm     .   (no gloves)
MR       .....                  i - +0 pair of boots
Stlth    ..........             (no amulet)
HPRegen  0.19/turn              y - ring of wizardry
MPRegen  0.11/turn              n - +4 ring of protection

@: no status effects
A: permanent stasis, dig shafts and tunnels, four strong arms, antennae 3
a: Dig, Shaft Self


You were on level 6 of the Dungeon.
You were hungry.

You visited 1 branch of the dungeon, and saw 6 of its levels.

You collected 300 gold pieces.
You spent 187 gold pieces at shops.

Inventory:

Hand Weapons
 a - a +0 war axe
 h - the +10 war axe of Trauma (weapon) {vorpal, rPois Str+8 Int-5}
   (You bought it in a shop on level 5 of the Dungeon)

   It inflicts extra damage upon your enemies.
   It affects your strength (+8).
   It affects your intelligence (-5).
   It protects you from poison.
 q - a +3 mace of holy wrath
Armour
 c - a +0 kite shield (worn)
 i - a +0 pair of boots (worn)
 o - a +1 ring mail of poison resistance (worn)
Jewellery
 n - a +4 ring of protection (right hand)
 y - a ring of wizardry (left hand)
Wands
 p - a wand of polymorph (9)
Scrolls
 e - 5 scrolls of remove curse {unknown}
 g - 2 scrolls of fear {unknown}
 l - 3 scrolls of teleportation {unknown}
 s - a scroll of enchant weapon {unknown}
 A - a scroll of summoning {unknown}
Potions
 b - 2 potions of magic {unknown}
 d - 2 potions of might
 j - 3 potions of curing
 k - 2 potions of haste {unknown}
 m - 2 potions of stabbing {unknown}
 r - 2 potions of resistance
 t - a potion of invisibility {unknown}
 u - a potion of ambrosia {unknown}
 v - a potion of cancellation
 w - a potion of flight
 x - a potion of brilliance {unknown}
Comestibles
 f - 13 rations
 z - a chunk of flesh


   Skills:
 - Level 3.2 Fighting
 + Level 7.6 Axes
 - Level 3.2 Armour
 - Level 9.0 Shields


You had 7 spell levels left.
You didn't know any spells.
Your spell library was empty.

Dungeon Overview and Level Annotations

Branches:
Dungeon (6/15)
 Temple: D:4-7

Altars:
Dithmenos
Sif Muna
Vehumet
Wu Jian

Shops:
D:5 (

Annotations:
D:1 Crazy Yiuf


Innate Abilities, Weirdness & Mutations

You cannot be hasted, slowed, berserked, paralysed or teleported.
You can dig through walls and to a lower floor.
Your four strong arms can wield two-handed weapons with a shield.
You have a pair of large antennae on your head. (SInv)


Message History

The ogre hits you with a +0 giant club!!
* * * LOW HITPOINT WARNING * * *
The centaur shoots an arrow.
You block the arrow.
The centaur shoots an arrow.
The arrow hits you.
* * * LOW HITPOINT WARNING * * *
You see here 2 arrows.
The centaur shoots an arrow.
The arrow hits you.
* * * LOW HITPOINT WARNING * * *
You see here 2 arrows.
You extend your mandibles.
You retract your mandibles.
The centaur shoots an arrow.
You block the arrow.
The centaur shoots an arrow.
The arrow hits you.
* * * LOW HITPOINT WARNING * * *
You see here 2 arrows.
The centaur shoots an arrow.
You block the arrow.
Are you sure you want to shaft yourself?
You are feeling hungry.
You begin to dig a shaft.
You continue digging a shaft.
The centaur shoots an arrow.
The arrow hits you!
You die...

###### #.##.#
##.##.# #.....#
#..#..#####
#..##...#!#
#..##.@#..#
#..##.#(O.#######
#..###..((......#
#..# ####((...#..
#..# #...c...##
#..##.#..[..#.#
#..# ..#...#..#
##..##...#.#...#
#...##.....#####


You could see an ogre and a centaur.

Vanquished Creatures
  Sigmund (D:2)
  An ice beast (D:5)
  2 ogres
  A centaur (D:5)
  A crimson imp (D:6)
  A jelly (D:5)
  A hound (D:4)
  An orc priest (D:5)
  A bullfrog skeleton (D:5)
  A centaur skeleton (D:5)
  Jessica (D:3)
  Terence (D:3)
  6 orc wizards
  3 worker ants
  Robin (D:2)
  4 gnolls
  10 adders
  A shadow imp (D:5)
  An ooze (D:3)
  An adder skeleton (D:5)
  2 worms
  4 dart slugs
  4 leopard geckos
  21 orcs
  3 ball pythons
  4 giant cockroaches
  14 goblins
  9 hobgoblins
  12 jackals
  3 quokkas
  10 bats
  3 frilled lizards
  8 kobolds
  A quokka skeleton (D:6)
  8 rats
146 creatures vanquished.

Notes
Turn   | Place    | Note
-------+----------+-------------------------------------------
     0 | D:1      | Kold the Formicid Fighter began the quest for the Orb.
     0 | D:1      | Reached XP level 1. HP: 18/18 MP: 1/1
   250 | D:1      | Reached XP level 2. HP: 24/24 MP: 2/2
   282 | D:1      | Reached skill level 4 in Shields
   519 | D:1      | Reached XP level 3. HP: 29/29 MP: 3/3
  1032 | D:2      | Noticed Sigmund
  1082 | D:2      | Noticed Robin
  1096 | D:1      | Reached XP level 4. HP: 27/35 MP: 4/4
  1305 | D:1      | Reached skill level 5 in Shields
  1650 | D:2      | Killed Robin
  1732 | D:2      | Killed Sigmund
  1732 | D:2      | Reached skill level 6 in Shields
  1732 | D:2      | Reached XP level 5. HP: 17/41 MP: 5/5
  1732 | D:2      | Reached XP level 6. HP: 20/47 MP: 6/6
  2317 | D:2      | Found a runed translucent door.
  2318 | D:2      | Noticed Crazy Yiuf
  2354 | D:1      | You fall into a shaft and drop 1 floor!
  2884 | D:3      | Noticed Jessica
  2895 | D:3      | Killed Jessica
  2930 | D:3      | Noticed Terence
  2940 | D:3      | Killed Terence
  3037 | D:3      | Reached skill level 5 in Axes
  3054 | D:3      | Reached XP level 7. HP: 33/52 MP: 7/7
  3372 | D:3      | Reached skill level 7 in Shields
  3588 | D:3      | Found a radiant altar of Vehumet.
  4413 | D:4      | Found an ornate altar of the Wu Jian Council.
  4907 | D:4      | Got a dazzling leather armour
  4918 | D:4      | Identified the +1 leather armour "Cownyfri" {MP+9} (You
                  | found it on level 4 of the Dungeon)
  4965 | D:5      | Entered Level 5 of the Dungeon
  4965 | D:5      | Found a shadowy altar of Dithmenos.
  5062 | D:5      | Reached skill level 8 in Shields
  5062 | D:5      | Reached XP level 8. HP: 5/58 MP: 8/8
  5439 | D:5      | Found Puesinic's Antique Weapon Boutique.
  5445 | D:5      | Bought an ivory war axe for 187 gold pieces
  5445 | D:5      | Identified the +10 war axe of Trauma {vorpal, rPois Str+8
                  | Int-5} (You bought it in a shop on level 5 of the Dungeon)
  5861 | D:5      | Found a shimmering blue altar of Sif Muna.
  5914 | D:5      | Reached skill level 9 in Shields
  6298 | D:6      | Shot with an arrow by a centaur

Illustrated notes

Levels and vault maps discovered:
D:1:      dpeg_arrival_rooms_with_view, layout_loops_ring
D:2:      layout_rooms, cheibrodos_gnoll_hut, uniq_crazy_yiuf_cottage,
          uniq_robin, uniq_sigmund
D:3:      layout_loops_corners, vehumet_crystals, uniq_jessica, uniq_terence
D:4:      layout_basic, overflow_temple_1_default, first_ration
D:5:      layout_loops_cross, nicolae_overflow_crystal_walls, serial_shops,
          shop_statue, grunt_dithmenos_smoke_and_mirrors
D:6:      layout_loops_ring, marbit_many_paths, lemuel_coloured_pillars_altar,
          temple_statues, hangedman_decor_diamond_cutter, uniq_duvessa

Skill      XL: |  1  2  3  4  5  6  7  8 |
---------------+-------------------------+-----
Shields        | 4 6 8 9 |  9.0
Axes           | 3 4 5 6 7 |  7.6
Fighting       | |  3.2
Armour         | |  3.2

Action                   |  1- 3 |  4- 6 |  7- 9 || total
-------------------------+-------+-------+-------++-------
Melee: War axe           |   124 |   138 |   218 ||   480
 Abil: Dig               |     1 |     5 |     5 ||    11
       Shaft Self        |       |     1 |     1 ||     2
  Use: Scroll            |       |       |     4 ||     4
  Eat: Chunk             |     1 |     4 |    11 ||    16
       Ration            |       |     1 |       ||     1
Armor: Scale mail        |    79 |    41 |       ||   120
       Ring mail         |       |    36 |    51 ||    87
Dodge: Dodged            |    46 |    65 |    61 ||   172
Block: Kite shield       |    83 |    91 |   124 ||   298
